| TOP OF THE 1ST |
|
Idaho Falls Chukars batting - Pitching for Staten Island Yankees : RHP Gustav Kleber
|
|
Pitching: RHP Gustav Kleber
|
|
|
Batting: RHB Chad Sullivan
|
0-0: Ball 1-0: Swinging Strike 1-1: Fly out, F5 (Line Drive, 5, EV 63.8 MPH)
|
|
Batting: RHB Eric Erickson
|
0-0: Fly out, F8 (Flyball, 89D, EV 96.9 MPH)
|
|
Batting: RHB Edite Leoni
|
0-0: Called Strike 0-1: Swinging Strike 0-2: Ground out 6-3 (Groundball, 6, EV 96.9 MPH)
|
| Top of the 1st over - 0 runs, 0 hits, 0 errors, 0 left on base; Idaho Falls 0 - Staten Island 0 |
| BOTTOM OF THE 1ST |
|
Staten Island Yankees batting - Pitching for Idaho Falls Chukars : RHP Travis Stump
|
|
Pitching: RHP Travis Stump
|
|
|
Batting: LHB Tatsuo Yasui
|
0-0: Called Strike 0-1: Ball 1-1: Fly out, F8 (Flyball, 8LD, EV 84.4 MPH)
|
|
Batting: LHB Mario Hurtado
|
0-0: Ball 1-0: Called Strike 1-1: Ball 2-1: Ball 3-1: Base on Balls
|
|
Batting: RHB Andres Valles
|
0-0: Ball 1-0: 2-RUN HOME RUN (Flyball, 9D, EV 93.1 MPH), Distance : 358 ft
|
|
Batting: LHB Roald Jacobs
|
0-0: Foul Ball, location: 2F 0-1: Ground out 4-3 (Groundball, 4, EV 83.1 MPH)
|
|
Batting: RHB Steve Martin
|
0-0: Foul Ball, location: 2F 0-1: Hit by Pitch
|
|
Batting: LHB Claudio Kamminga
|
0-0: Ball 1-0: Swinging Strike 1-1: Ball 2-1: Ball 3-1: Called Strike 3-2: Base on Balls Steve Martin to second
|
|
Pitching: RHP Rich Frontczak
|
|
|
Batting: LHB Jordan Lozoya
|
0-0: Ball 1-0: Foul Ball, location: 2F 1-1: Ball Wild Pitch! Steve Martin to third Claudio Kamminga to second 2-1: Foul Ball, location: 2F 2-2: Foul Ball, location: 2F 2-2: Ball 3-2: Base on Balls
|
|
Batting: SHB Victor Martinez
|
0-0: Foul Ball, location: 2F 0-1: Called Strike 0-2: Ball 1-2: Ball 2-2: Ball 3-2: Base on Balls Steve Martin scores Claudio Kamminga to third Jordan Lozoya to second
|
|
Batting: SHB Plácido Barrrenho
|
0-0: Swinging Strike 0-1: Ball 1-1: TRIPLE (Flyball, 78XD, EV 101.3 MPH) Claudio Kamminga scores Jordan Lozoya scores Victor Martinez scores
|
|
Batting: LHB Tatsuo Yasui
|
0-0: Ball 1-0: Ball Passed Ball! Plácido Barrrenho scores 2-0: Ball 3-0: Base on Balls
|
|
Pitching: RHP Tony Jimenez
|
|
|
Batting: LHB Mario Hurtado
|
0-0: Called Strike Tatsuo Yasui steals 2nd base 0-1: Swinging Strike 0-2: SINGLE (Flyball, 4D, EV 92.5 MPH) Tatsuo Yasui to third Runner from 3rd tries for Home, SAFE, throw by CF to home
|
|
Batting: RHB Andres Valles
|
0-0: Called Strike 0-1: Foul Ball, location: 2F 0-2: Strikes out swinging
|
| Bottom of the 1st over - 8 runs, 3 hits, 0 errors, 1 left on base; Idaho Falls 0 - Staten Island 8 |
| TOP OF THE 2ND |
|
Idaho Falls Chukars batting - Pitching for Staten Island Yankees : RHP Gustav Kleber
|
|
Batting: RHB Ken Postlethwaite
|
0-0: Ball 1-0: Foul Ball, location: 2F 1-1: Fly out, F7 (Flyball, 7, EV 83.8 MPH)
|
|
Batting: RHB Nate De Jongh
|
0-0: Ball 1-0: Foul Ball, location: 2F 1-1: Ground out 4-3 (Groundball, 4, EV 96.9 MPH)
|
|
Batting: RHB Jeremy Haun
|
0-0: Ball 1-0: SINGLE (Groundball, 56S, EV 70.0 MPH) (infield hit)
|
|
Batting: RHB Kevin Allen
|
0-0: Called Strike 0-1: Ball 1-1: Swinging Strike 1-2: Strikes out swinging
|
| Top of the 2nd over - 0 runs, 1 hit, 0 errors, 1 left on base; Idaho Falls 0 - Staten Island 8 |
| BOTTOM OF THE 2ND |
|
Staten Island Yankees batting - Pitching for Idaho Falls Chukars : RHP Tony Jimenez
|
|
Batting: LHB Roald Jacobs
|
0-0: SOLO HOME RUN (Flyball, 9D, EV 98.1 MPH), Distance : 380 ft
|
|
Batting: RHB Steve Martin
|
0-0: Ball 1-0: Ball 2-0: Called Strike 2-1: Called Strike 2-2: Foul Ball, location: 2F 2-2: Ball 3-2: Base on Balls
|
|
Batting: LHB Claudio Kamminga
|
0-0: Called Strike 0-1: Called Strike 0-2: Foul Ball, location: 2F 0-2: Ball 1-2: Ball 2-2: Ball 3-2: Strikes out looking
|
|
Batting: LHB Jordan Lozoya
|
0-0: Fielders Choice at 2nd, 4-6 (Groundball, 34D, EV 87.5 MPH)
|
|
Batting: SHB Victor Martinez
|
0-0: Called Strike 0-1: Foul Ball, location: 2F 0-2: Foul Ball, location: 2F 0-2: Reached on error, E9 (Line Drive, 9, EV 92.5 MPH) Jordan Lozoya to third
|
|
Batting: SHB Plácido Barrrenho
|
0-0: Ball 1-0: Ball 2-0: Called Strike 2-1: Foul Ball, location: 2F 2-2: DOUBLE (Line Drive, 7LM, EV 113.1 MPH) Jordan Lozoya scores Victor Martinez scores
|
|
Pitching: LHP Randy Stapleton
|
|
|
Batting: LHB Tatsuo Yasui
|
0-0: Called Strike Balk! Plácido Barrrenho to third 0-1: Ball 1-1: Ball 2-1: Ball 3-1: Swinging Strike 3-2: Base on Balls
|
|
Batting: LHB Mario Hurtado
|
0-0: Ball 1-0: SINGLE (Line Drive, 7S, EV 106.9 MPH) Plácido Barrrenho scores Tatsuo Yasui to second
|
|
Batting: RHB Andres Valles
|
0-0: Ball 1-0: Ball 2-0: Ball 3-0: Called Strike 3-1: Base on Balls Tatsuo Yasui to third Mario Hurtado to second
|
|
Batting: LHB Roald Jacobs
|
0-0: Ball 1-0: Ball 2-0: Ball 3-0: Called Strike 3-1: Foul Ball, location: 2F 3-2: Strikes out swinging
|
| Bottom of the 2nd over - 4 runs, 3 hits, 1 error, 3 left on base; Idaho Falls 0 - Staten Island 12 |
| TOP OF THE 3RD |
|
Idaho Falls Chukars batting - Pitching for Staten Island Yankees : RHP Gustav Kleber
|
|
Batting: RHB Ben Minge
|
0-0: Ball 1-0: Ball 2-0: Called Strike 2-1: Ball 3-1: Base on Balls
|
|
Batting: RHB Timotheus Cooper
|
0-0: Ball 1-0: Called Strike 1-1: Fly out, F7 (Flyball, 7LM, EV 88.1 MPH)
|
|
Batting: RHB Chad Sullivan
|
0-0: Swinging Strike 0-1: Foul Ball, location: 2F 0-2: Strikes out swinging
|
|
Batting: RHB Eric Erickson
|
0-0: Swinging Strike 0-1: Swinging Strike Passed Ball! Ben Minge to second 0-2: Ball 1-2: Ball 2-2: Ground out 5-3 (Groundball, 56, EV 87.5 MPH)
|
| Top of the 3rd over - 0 runs, 0 hits, 0 errors, 1 left on base; Idaho Falls 0 - Staten Island 12 |
| BOTTOM OF THE 3RD |
|
Staten Island Yankees batting - Pitching for Idaho Falls Chukars : LHP Randy Stapleton
|
|
Pitching: RHP Eric Dyer
|
|
|
Batting: RHB Steve Martin
|
0-0: Ground out 6-3 (Groundball, 6S, EV 84.4 MPH)
|
|
Batting: LHB Claudio Kamminga
|
0-0: Swinging Strike 0-1: Ball 1-1: Foul Ball, location: 2F 1-2: Strikes out swinging
|
|
Batting: LHB Jordan Lozoya
|
0-0: Called Strike 0-1: Ball 1-1: Ball 2-1: Foul Ball, location: 2F 2-2: DOUBLE (Line Drive, 89D, EV 106.3 MPH)
|
|
Batting: SHB Victor Martinez
|
0-0: Called Strike 0-1: Ball 1-1: Ball Wild Pitch! Jordan Lozoya to third 2-1: Called Strike 2-2: Fly out, F7 (Flyball, 7D, EV 103.8 MPH)
|
| Bottom of the 3rd over - 0 runs, 1 hit, 0 errors, 1 left on base; Idaho Falls 0 - Staten Island 12 |
| TOP OF THE 4TH |
|
Idaho Falls Chukars batting - Pitching for Staten Island Yankees : RHP Gustav Kleber
|
|
Batting: RHB Edite Leoni
|
0-0: Ground out 6-3 (Groundball, 6, EV 77.5 MPH)
|
|
Batting: RHB Ken Postlethwaite
|
0-0: Ball 1-0: Called Strike 1-1: Ground out 3-1 (Groundball, 34, EV 101.9 MPH)
|
|
Batting: RHB Nate De Jongh
|
0-0: Called Strike 0-1: Foul Ball, location: 2F 0-2: Strikes out looking
|
| Top of the 4th over - 0 runs, 0 hits, 0 errors, 0 left on base; Idaho Falls 0 - Staten Island 12 |
| BOTTOM OF THE 4TH |
|
Staten Island Yankees batting - Pitching for Idaho Falls Chukars : RHP Eric Dyer
|
|
Batting: SHB Plácido Barrrenho
|
0-0: Ball 1-0: Called Strike 1-1: Called Strike 1-2: Ball 2-2: Strikes out looking
|
|
Pitching: LHP John Wagner
|
|
|
Batting: LHB Tatsuo Yasui
|
0-0: Foul Ball, location: 2F 0-1: Foul Ball, location: 2F 0-2: Ball 1-2: Ball 2-2: Hit by Pitch
|
|
Batting: LHB Mario Hurtado
|
0-0: Swinging Strike 0-1: Ball 1-1: Ball 2-1: Swinging Strike 2-2: Ball 3-2: Base on Balls Tatsuo Yasui to second
|
|
Batting: RHB Andres Valles
|
0-0: Ball 1-0: Foul Ball, location: 2F 1-1: Ball Wild Pitch! Tatsuo Yasui to third Mario Hurtado to second Balk! Tatsuo Yasui scores Mario Hurtado to third 2-1: Fly out, F3 (Popup, 3F, EV 81.9 MPH)
|
|
Batting: LHB Roald Jacobs
|
0-0: Called Strike 0-1: Ground out U3 (Groundball, 34, EV 93.1 MPH)
|
| Bottom of the 4th over - 1 run, 0 hits, 0 errors, 1 left on base; Idaho Falls 0 - Staten Island 13 |
| TOP OF THE 5TH |
|
Idaho Falls Chukars batting - Pitching for Staten Island Yankees : RHP Gustav Kleber
|
|
Batting: RHB Jeremy Haun
|
0-0: Called Strike 0-1: Ball 1-1: Swinging Strike 1-2: Ball 2-2: Foul Ball, location: 2F 2-2: Strikes out swinging
|
|
Batting: RHB Kevin Allen
|
0-0: Called Strike 0-1: SINGLE (Flyball, 56D, EV 90.6 MPH)
|
|
Batting: RHB Ben Minge
|
0-0: Ball Kevin Allen steals 2nd base (no throw) 1-0: SINGLE (Line Drive, 9LS, EV 91.9 MPH) Kevin Allen to third Runner from 3rd tries for Home, SAFE, throw by RF to home Ben Minge to second
|
|
Batting: RHB Timotheus Cooper
|
0-0: Called Strike 0-1: Ball 1-1: Called Strike 1-2: Strikes out swinging
|
|
Batting: RHB Chad Sullivan
|
0-0: Ball 1-0: Swinging Strike 1-1: Swinging Strike 1-2: Ball 2-2: Foul Ball, location: 2F 2-2: Ball 3-2: Strikes out swinging
|
| Top of the 5th over - 1 run, 2 hits, 0 errors, 1 left on base; Idaho Falls 1 - Staten Island 13 |
| BOTTOM OF THE 5TH |
|
Staten Island Yankees batting - Pitching for Idaho Falls Chukars : LHP John Wagner
|
|
Batting: RHB Steve Martin
|
0-0: Ball 1-0: Ball 2-0: Called Strike 2-1: Called Strike 2-2: Ball 3-2: Base on Balls
|
|
Batting: LHB Claudio Kamminga
|
0-0: Ball 1-0: SINGLE (Line Drive, 78S, EV 93.8 MPH) Steve Martin to second
|
|
Batting: LHB Jordan Lozoya
|
0-0: Ball 1-0: Swinging Strike 1-1: Ball Balk! Steve Martin to third Claudio Kamminga to second 2-1: Ball 3-1: Base on Balls
|
|
Batting: SHB Victor Martinez
|
0-0: Foul Ball, location: 2F 0-1: DOUBLE (Line Drive, 8LD, EV 108.1 MPH) Steve Martin scores Claudio Kamminga scores Jordan Lozoya to third
|
|
Pinch Runner at 2nd Alex Genao:
|
|
|
Batting: SHB Plácido Barrrenho
|
0-0: Ball 1-0: Hit by Pitch
|
|
Batting: LHB Tatsuo Yasui
|
0-0: SINGLE (Line Drive, 8RS, EV 92.5 MPH) Jordan Lozoya scores Alex Genao to third Plácido Barrrenho to second
|
|
Batting: LHB Mario Hurtado
|
0-0: Ball 1-0: Grounds into fielders choice 1-2 (Groundball, 13S, EV 65.0 MPH) Plácido Barrrenho to third Tatsuo Yasui to second
|
|
Batting: RHB Andres Valles
|
0-0: Foul Ball, location: 2F 0-1: SINGLE (Groundball, 56D, EV 99.4 MPH) Plácido Barrrenho scores Tatsuo Yasui to third Mario Hurtado to second
|
|
Batting: LHB Roald Jacobs
|
0-0: Ball 1-0: Swinging Strike 1-1: Ball 2-1: Ball Wild Pitch! Tatsuo Yasui scores Mario Hurtado to third Andres Valles to second 3-1: Called Strike 3-2: Base on Balls
|
|
Batting: RHB Steve Martin
|
0-0: Called Strike 0-1: Ball 1-1: Ball 2-1: Swinging Strike 2-2: SINGLE (Groundball, 25, EV 67.5 MPH) (infield hit) Mario Hurtado scores Andres Valles to third Roald Jacobs to second
|
|
Batting: LHB Claudio Kamminga
|
0-0: Ball Wild Pitch! Andres Valles scores Roald Jacobs to third Steve Martin to second 1-0: Ball 2-0: Ball 3-0: Base on Balls
|
|
Batting: LHB Jordan Lozoya
|
0-0: Foul Ball, location: 2F 0-1: Grounds into fielders choice 1-2 (Groundball, 25, EV 67.5 MPH) Steve Martin to third Claudio Kamminga to second
|
|
Batting: LHB Alex Genao
|
0-0: Ball 1-0: Ball Wild Pitch! Steve Martin scores Claudio Kamminga to third Jordan Lozoya to second 2-0: Ball 3-0: Base on Balls
|
|
Batting: SHB Plácido Barrrenho
|
0-0: SINGLE (Groundball, 6MD, EV 98.8 MPH) (infield hit) Claudio Kamminga scores Jordan Lozoya to third Alex Genao to second
|
|
Batting: LHB Tatsuo Yasui
|
0-0: Ball 1-0: SINGLE (Line Drive, 9S, EV 91.3 MPH) Jordan Lozoya scores Alex Genao to third Plácido Barrrenho to second Runner from 3rd tries for Home, SAFE, throw by RF to home
|
|
Batting: LHB Mario Hurtado
|
0-0: Foul Ball, location: 2F 0-1: Fielders Choice at 2nd, U6 (Groundball, 6M, EV 82.5 MPH)
|
| Bottom of the 5th over - 11 runs, 7 hits, 0 errors, 2 left on base; Idaho Falls 1 - Staten Island 24 |
| TOP OF THE 6TH |
|
Idaho Falls Chukars batting - Pitching for Staten Island Yankees : RHP Gustav Kleber
|
|
Now at SS: Alex Genao
|
|
|
Batting: RHB Eric Erickson
|
0-0: Swinging Strike 0-1: Ground out U3 (Groundball, 34S, EV 91.3 MPH)
|
|
Batting: RHB Edite Leoni
|
0-0: Ball 1-0: Foul Ball, location: 2F 1-1: Ball 2-1: Ball 3-1: Foul Ball, location: 2F 3-2: Foul Ball, location: 2F 3-2: Ground out 1-3 (Groundball, 13S, EV 70.0 MPH)
|
|
Batting: RHB Ken Postlethwaite
|
0-0: Ball 1-0: Called Strike 1-1: Ball 2-1: Foul Ball, location: 2F 2-2: Foul Ball, location: 2F 2-2: Strikes out swinging wild pitch, reaches first!
|
|
Batting: RHB Nate De Jongh
|
0-0: Ball 1-0: SINGLE (Groundball, 56D, EV 106.9 MPH) Ken Postlethwaite to second
|
|
Batting: RHB Jeremy Haun
|
0-0: Ground out 6-3 (Groundball, 6MS, EV 79.4 MPH)
|
| Top of the 6th over - 0 runs, 1 hit, 0 errors, 2 left on base; Idaho Falls 1 - Staten Island 24 |
| BOTTOM OF THE 6TH |
|
Staten Island Yankees batting - Pitching for Idaho Falls Chukars : LHP John Wagner
|
|
Batting: RHB Andres Valles
|
0-0: Ball 1-0: Ball 2-0: Ball 3-0: Base on Balls
|
|
Batting: LHB Roald Jacobs
|
0-0: Fielders Choice at 2nd, 3-6 (Groundball, 23, EV 85.0 MPH)
|
|
Batting: RHB Steve Martin
|
0-0: Ball 1-0: Foul Ball, location: 2F 1-1: Foul Ball, location: 2F 1-2: Ball 2-2: Strikes out swinging
|
|
Batting: LHB Claudio Kamminga
|
0-0: DOUBLE (Groundball, 3L, EV 99.4 MPH) Roald Jacobs to third Runner from 3rd tries for Home, SAFE, no throw by RF
|
|
Batting: LHB Jordan Lozoya
|
0-0: Ball 1-0: Ball 2-0: Called Strike 2-1: SINGLE (Groundball, 6M, EV 103.1 MPH) Claudio Kamminga to third Runner from 3rd tries for Home, SAFE, throw by CF to home Jordan Lozoya to second
|
|
Batting: LHB Alex Genao
|
0-0: Ground out 6-3 (Groundball, 6, EV 86.3 MPH)
|
| Bottom of the 6th over - 2 runs, 2 hits, 0 errors, 1 left on base; Idaho Falls 1 - Staten Island 26 |
| TOP OF THE 7TH |
|
Idaho Falls Chukars batting - Pitching for Staten Island Yankees : RHP Gustav Kleber
|
|
Batting: RHB Kevin Allen
|
0-0: Ball 1-0: Ground out 5-3 (Groundball, 5, EV 81.9 MPH)
|
|
Batting: RHB Ben Minge
|
0-0: Swinging Strike 0-1: Ball 1-1: Called Strike 1-2: Strikes out swinging
|
|
Batting: RHB Timotheus Cooper
|
0-0: Ball 1-0: Called Strike 1-1: Swinging Strike 1-2: Fly out, F7 (Flyball, 7D, EV 85.6 MPH)
|
| Top of the 7th over - 0 runs, 0 hits, 0 errors, 0 left on base; Idaho Falls 1 - Staten Island 26 |
| BOTTOM OF THE 7TH |
|
Staten Island Yankees batting - Pitching for Idaho Falls Chukars : LHP John Wagner
|
|
Batting: SHB Plácido Barrrenho
|
0-0: SINGLE (Groundball, 6D, EV 101.9 MPH)
|
|
Pinch Hitting: RHB Walt Couch
|
0-0: Ball 1-0: Ball 2-0: Ball 3-0: Foul Ball, location: 2F 3-1: Foul Ball, location: 2F 3-2: Base on Balls Plácido Barrrenho to second
|
|
Batting: LHB Mario Hurtado
|
0-0: DOUBLE (Line Drive, 7LM, EV 105.6 MPH) Plácido Barrrenho scores Walt Couch to third
|
|
Batting: RHB Andres Valles
|
0-0: Ball 1-0: Ground out 4-3 (Groundball, 4, EV 77.5 MPH) Walt Couch scores Mario Hurtado to third
|
|
Batting: LHB Roald Jacobs
|
0-0: Ground out U3 (Groundball, 3, EV 83.1 MPH)
|
|
Batting: RHB Steve Martin
|
0-0: Foul Ball, location: 2F 0-1: Ball 1-1: Foul Ball, location: 2F 1-2: Ground out 4-3 (Groundball, 4M, EV 88.8 MPH)
|
| Bottom of the 7th over - 2 runs, 2 hits, 0 errors, 1 left on base; Idaho Falls 1 - Staten Island 28 |
| TOP OF THE 8TH |
|
Idaho Falls Chukars batting - Pitching for Staten Island Yankees : RHP Gustav Kleber
|
|
Now at 1B: Walt Couch
|
|
|
Batting: RHB Chad Sullivan
|
0-0: Called Strike 0-1: SINGLE (Flyball, 5D, EV 94.4 MPH)
|
|
Batting: RHB Eric Erickson
|
0-0: Ball 1-0: Foul Ball, location: 2F 1-1: Swinging Strike 1-2: Foul Ball, location: 2F 1-2: Strikes out looking
|
|
Pitching: RHP Enrique Fuentes
|
|
|
Batting: RHB Edite Leoni
|
0-0: Ball 1-0: Called Strike 1-1: Fly out, F8 (Flyball, 8LM, EV 72.5 MPH)
|
|
Batting: RHB Ken Postlethwaite
|
0-0: Foul Ball, location: 2F 0-1: Ball 1-1: Swinging Strike 1-2: Foul Ball, location: 2F 1-2: Strikes out swinging
|
| Top of the 8th over - 0 runs, 1 hit, 0 errors, 1 left on base; Idaho Falls 1 - Staten Island 28 |
| BOTTOM OF THE 8TH |
|
Staten Island Yankees batting - Pitching for Idaho Falls Chukars : LHP John Wagner
|
|
Batting: LHB Claudio Kamminga
|
0-0: Ball 1-0: Fly out, F8 (Flyball, 8RS, EV 85.0 MPH)
|
|
Batting: LHB Jordan Lozoya
|
0-0: Called Strike 0-1: Ground out 4-3 (Groundball, 4D, EV 98.8 MPH)
|
|
Pinch Hitting: RHB Bobby Arteaga
|
0-0: Ground out 6-3 (Groundball, 6, EV 76.9 MPH)
|
| Bottom of the 8th over - 0 runs, 0 hits, 0 errors, 0 left on base; Idaho Falls 1 - Staten Island 28 |
| TOP OF THE 9TH |
|
Idaho Falls Chukars batting - Pitching for Staten Island Yankees : RHP Enrique Fuentes
|
|
Now at SS: Bobby Arteaga
|
|
|
Batting: RHB Nate De Jongh
|
0-0: Ball 1-0: Called Strike 1-1: Ball 2-1: Foul Ball, location: 2F 2-2: Foul Ball, location: 2F 2-2: Strikes out swinging
|
|
Batting: RHB Jeremy Haun
|
0-0: Ball 1-0: Ball 2-0: Fly out, F8 (Flyball, 89D, EV 103.1 MPH)
|
|
Batting: RHB Kevin Allen
|
0-0: Foul Ball, location: 2F 0-1: Foul Ball, location: 2F 0-2: Ball 1-2: Strikes out looking
|
| Top of the 9th over - 0 runs, 0 hits, 0 errors, 0 left on base; Idaho Falls 1 - Staten Island 28 |
|